 Dungeon Crawl Stone Soup version 0.29-a0-334-gb41bcbb86e (webtiles) character file.

Game seed: 10939881146219338024

72 zishaf the Grasshopper (level 4, 0/35 HPs)
             Began as a Human Warper on Apr 14, 2022.
             Slain by a hobgoblin (5 damage)
             ... led by Robin
             ... on level 3 of the Dungeon.
             The game lasted 00:02:39 (2548 turns).

zishaf the Grasshopper (Human Warper)               Turns: 2548, Time: 00:02:39

Health: 0/35       AC:  4    Str: 13    XL:     4   Next: 48%
Magic:  7/7        EV: 11    Int: 14    God:
Gold:   120        SH:  0    Dex: 12    Spells: 5/7 levels left

rFire   . . .      SeeInvis .   a - +0 hand axe
rCold   . . .      Faith    .   (no shield)
rNeg    . . .      Spirit   .   b - +0 leather armour
rPois   .          Reflect  .   (no helmet)
rElec   .          Harm     .   q - scarf {+Inv}
rCorr   .          Rampage  .   j - +0 pair of gloves
Will    .....                   (no boots)
Stlth   +.........              (no amulet)
HPRegen 0.11/turn               (no ring)
MPRegen 0.10/turn               (no ring)

@: no status effects
A: no striking features
a: Evoke Invisibility


You were on level 3 of the Dungeon.
You visited 1 branch of the dungeon, and saw 3 of its levels.

You collected 120 gold pieces.

Inventory:

Hand Weapons
 a - a +0 hand axe (weapon)
Missiles
 d - 6 boomerangs of dispersal (quivered)
Armour
 b - a +0 leather armour (worn)
 h - a +0 plate armour
 j - a +0 pair of gloves (worn)
 q - a scarf of invisibility (worn)
Scrolls
 c - a scroll of blinking
 e - a scroll of magic mapping {unknown}
 f - a scroll of summoning {unknown}
 g - 2 scrolls of fear {unknown}
 k - a scroll of brand weapon {unknown}
 l - a scroll of enchant weapon {unknown}
 m - a scroll of fog {unknown}
 o - a scroll of identify {unknown}
Potions
 i - 2 potions of curing {unknown}
 n - a potion of attraction {unknown}
 p - a potion of lignification {unknown}
 r - a potion of flight {unknown}


   Skills:
 + Level 3.0 Fighting
 + Level 2.9 Axes
 - Level 1.1 Throwing
 + Level 1.8 Armour
 - Level 2.0 Dodging
 - Level 2.0 Spellcasting
 - Level 3.2 Translocations


You had 5 spell levels left.
You knew the following spells:

 Your Spells              Type           Power      Damage    Failure   Level
a - Blink                 Tloc           20%        N/A       12%         2

Your spell library contained the following spells:

 Spells                   Type           Power      Damage    Failure   Level
 Gell's Gravitas          Tloc           10%        N/A       24%         3
 Lesser Beckoning         Tloc           10%        N/A       24%         3
 Teleport Other           Tloc           10%        N/A       24%         3
 Magic Dart               Conj           4%         1d3       30%         1
 Sandblast                Erth           2%         2d4       30%         1
 Call Imp                 Summ           1%         N/A       41%         2
 Passwall                 Tmut/Erth      0%         N/A       41%         2
 Mephitic Cloud           Conj/Pois/Air  1%         N/A       65%         3
 Stone Arrow              Conj/Erth      2%         3d7       65%         3
 Manifold Assault         Tloc           10%        N/A       91%         5


Dungeon Overview and Level Annotations

Branches:
Dungeon (3/15)

Altars:

Annotations:
D:3 Robin


Message History

The hobgoblin hits you but does no damage.
Robin hits you but does no damage.
You completely miss the hobgoblin. The hobgoblin closely misses you.
Robin says, "A pitiful Human like you will never find the ORB!"
Robin barely misses you.
You hit the hobgoblin.
The hobgoblin is almost dead.
Robin barely misses you. The hobgoblin closely misses you.
You hit the hobgoblin.
You kill the hobgoblin!
Robin hits you from afar with a +0 spear.
You swing at nothing.
Robin hits you from afar with a +0 spear. x2
A goblin comes into view. It is wielding a +0 club.
Robin closely misses you.
Items here: )) ††.
The goblin shouts!
You hit Robin.
Robin is moderately wounded.
A hobgoblin comes into view.
The hobgoblin hits you.
A goblin comes into view. It is wielding a +0 club.
Robin hits you with a +0 spear.
* * * LOW HITPOINT WARNING * * *
Robin hits you with a +0 spear.
* * * LOW HITPOINT WARNING * * *
Items here: )) ††.
You hit Robin. Your punch misses Robin.
Robin is heavily wounded.
You hit the hobgoblin. The hobgoblin closely misses you.
Robin barely misses you.
Okay, then.
Throw: 7 boomerangs (disperse)
Press: ? - help, Q - select action, (/) - cycle Shift-Dir - straight line, f - Robin
Aim: Robin, wielding a +0 spear, wearing a +0 animal skin and wearing a +0 helmet (heavily wounded, 65% to hit)
You throw a boomerang of dispersal. The boomerang of dispersal hits Robin.
Robin blinks!
Robin is heavily wounded.
The hobgoblin hits you.
You die...

..........<...#
#.####.......#
#.......)...<#
####................
#.......####.....
#.......# ##.#
#.......#
#.......####
#......).@§#
#.......##g#
###...####g# #####
#g# # ######.###.#
.......g..l.#
##...##.##g.# #...
...# ..# ........$


.ggg You could see Robin, 2 hobgoblins and a goblin.

Vanquished Creatures
  2 adders (D:2)
  A worm (D:2)
  2 dart slugs (D:1)
  5 endoplasms
  A giant cockroach (D:1)
  7 goblins
  5 hobgoblins
  5 kobolds (D:1)
  2 quokkas
  A ball python (D:2)
  5 bats
  3 frilled lizards
  4 rats (D:1)
43 creatures vanquished.

Notes
Turn   | Place    | Note
-------+----------+-------------------------------------------
     0 | D:1      | zishaf the Human Warper began the quest for the Orb.
     0 | D:1      | Reached XP level 1. HP: 16/16 MP: 3/3
   239 | D:1      | Reached XP level 2. HP: 13/22 MP: 5/5
   892 | D:1      | Reached XP level 3. HP: 25/28 MP: 6/6
  1265 | D:1      | Learned a level 2 spell: Blink
  2305 | D:2      | Reached XP level 4. HP: 26/34 MP: 7/7
  2512 | D:3      | Noticed Robin
  2548 | D:3      | Slain by a hobgoblin

Illustrated notes

Levels and vault maps discovered:
D:1:      roderic_crossed_star, layout_basic, minmay_vboxes
D:2:      layout_basic
D:3:      layout_loops_cross, hellmonk_ecumenical_altar_inner_sanctum,
          biasface_ghost_orc_armoury, uniq_robin, uniq_crazy_yiuf_cottage

Skill      XL: |  1  2  3  4 |
---------------+-------------+-----
Fighting       | 3 |  3.0
Axes           | |  2.9
Throwing       | |  1.1
Armour         | |  1.8
Dodging        | |  2.0
Spellcasting   | |  2.0
Translocations | |  3.2

Action                   |  1- 3 |  4- 6 || total
-------------------------+-------+-------++-------
Melee: Hand axe          |   106 |    34 ||   140
       Punch             |     2 |       ||     2
Throw: Boomerang         |       |     1 ||     1
 Stab: Sleeping          |     1 |       ||     1
Armor: Leather armour    |    28 |    16 ||    44
Dodge: Dodged            |    58 |    29 ||    87

Table legend: (Time is in decaauts)
 A = Elapsed time spent in this place.
 B = Non-inter-level travel time spent in this place.
 C = Inter-level travel time spent in this place.
 D = Time resting spent in this place.
 E = Time spent auto-exploring this place.
 F = Levels seen in this place.
 G = Mean time per level.
                   A        B        C        D        E       F      G
               +--------+--------+--------+--------+--------+-----+--------+
         Total |   2571 |   2558 |     13 |    433 |   1764 |   3 |  857.0 |
       Dungeon |   2571 |   2558 |     13 |    433 |   1764 |   3 |  857.0 |
               +--------+--------+--------+--------+--------+-----+--------+

Top non-repeatable levels by time:
     D:1: 1585 daAuts
     D:2: 867 daAuts
     D:3: 118 daAuts
